 Dungeon Crawl Stone Soup version 0.28.0-53-g5a82cb258f (webtiles) character file.

Game seed: 533141553929949712

14480 issech the Protected (level 11, -3/90 HPs)
             Began as a Minotaur Monk on June 7, 2022.
             Was an Elder of Hepliaklqana.
             Slain by a boulder beetle (20 damage)
             ... on level 12 of the Dungeon.
             The game lasted 00:51:22 (11936 turns).

issech the Protected (Minotaur Monk)               Turns: 11936, Time: 00:51:22

Health: -3/90      AC: 35    Str: 16    XL:     11   Next: 89%
Magic:  10/10      EV:  9    Int:  8    God:    Hepliaklqana [****..]
Gold:   1021       SH:  0    Dex: 27    Spells: 10/10 levels left

rFire   . . .      SeeInvis .   O - +4 dagger of Doom {flame, Dex+4}
rCold   + . .      Faith    .   (no shield)
rNeg    + . .      Spirit   .   h - +8 orange crystal plate armour {Archmagi, Int+3 Clar}
rPois   .          Reflect  .   (helmet restricted)
rElec   .          Harm     .   W - +2 cloak
rCorr   .          Rampage  .   (no gloves)
Will    .....      Archmagi +   L - +0 pair of boots
Stlth   .......... Clarity  +   C - amulet of regeneration
HPRegen 1.05/turn               P - ring of Vatiygh {rC+ rN+ Int-2 Dex+6 Slay+2}
MPRegen 0.12/turn               a - +4 ring of evasion

@: no status effects
A: reduced essence, horns 2, retaliatory headbutt
a: Renounce Religion, Recall Ancestor, Ancestor Identity, Transference, Idealise


You were on level 12 of the Dungeon.
You worshipped Hepliaklqana.
Hepliaklqana was greatly pleased with you.
You visited 2 branches of the dungeon, and saw 13 of its levels.
You also visited: Sewer.

You collected 1021 gold pieces.

Inventory:

Hand Weapons
 y - a +2 hand axe of freezing
 B - a +0 hunting sling
 E - a +0 broad axe
 O - the +4 dagger of Doom (weapon) {flame, Dex+4}
   (You found it on level 11 of the Dungeon)

   It burns those it strikes, dealing additional fire damage.
   Dex:       It affects your dexterity (+4).
 R - a +0 arbalest
Missiles
 c - 350 stones (quivered)
 i - 264 arrows
 l - 55 bolts
 m - 24 poisoned darts
 n - 3 atropa-tipped darts
 G - 61 sling bullets
 U - 4 curare-tipped darts
Armour
 h - the +8 orange crystal plate armour (worn) {Archmagi, Int+3 Clar}
   (You found it on level 7 of the Dungeon)

   Int:       It affects your intelligence (+3).
   Clar:      It protects you against confusion.
 q - the +4 plate armour of the Accordion {rElec Int+3}
   (You found it on level 4 of the Dungeon)

   Int:       It affects your intelligence (+3).
   rElec:     It insulates you from electricity.
 L - a +0 pair of boots (worn)
 W - a +2 cloak (worn)
 X - a +2 robe of the Archmagi
Jewellery
 a - a +4 ring of evasion (right hand)
 A - a ring of magical power
 C - an amulet of regeneration (around neck)
 J - a +6 ring of dexterity
 P - the ring of Vatiygh (left hand) {rC+ rN+ Int-2 Dex+6 Slay+2}
   (You acquired it on level 10 of the Dungeon)

   [ring of protection from cold]

   Int:       It affects your intelligence (-2).
   Dex:       It affects your dexterity (+6).
   Slay:      It affects your accuracy & damage with ranged weapons and melee
   (+2).
   rC:        It protects you from cold.
   rN:        It protects you from negative energy.
 S - a +6 ring of dexterity
 T - a +4 ring of protection
 Z - a ring of ice
Wands
 H - a wand of flame (21)
 I - a wand of iceblast (3)
 N - a wand of mindburst (15)
Scrolls
 e - a scroll of silence
 f - 2 scrolls of magic mapping
 j - 2 scrolls of blinking
 r - 4 scrolls of teleportation
 s - a scroll of summoning
 t - 2 scrolls of enchant weapon
 w - 2 scrolls of brand weapon
 F - 2 scrolls of enchant armour
 Q - a scroll of fog
Potions
 b - 2 potions of might {unknown}
 d - 5 potions of degeneration {unknown}
 g - a potion of mutation
 k - 4 potions of flight {unknown}
 o - a potion of lignification {unknown}
 p - a potion of resistance {unknown}
 u - 3 potions of cancellation {unknown}
 v - 3 potions of invisibility {unknown}
 z - a potion of berserk rage {unknown}
 D - 3 potions of brilliance {unknown}
 K - 4 potions of heal wounds {unknown}
 M - 3 potions of curing {unknown}
Miscellaneous
 x - a tin of tremorstones (2/2)


   Skills:
 + Level 10.7 Fighting
 + Level 5.1 Short Blades
 + Level 12.2 Axes
 + Level 6.4 Slings
 + Level 1.6 Crossbows
 + Level 0.1(3.5) Throwing
 + Level 13.1 Armour
 + Level 4.3 Dodging
 + Level 4.2 Stealth


You had 10 spell levels left.
You didn't know any spells.
Your spell library contained the following spells:

 Spells                   Type           Power      Damage    Failure   Level
 Animate Dead             Necr           0%         N/A       100%        4
 Borgnjor's Vile Clutch   Necr/Erth      0%         N/A       100%        5
 Fireball                 Conj/Fire      0%         3d3       100%        5
 Death Channel            Necr           0%         N/A       100%        6
 Starburst                Conj/Fire      0%         6d3       100%        6
 Malign Gateway           Summ/Tloc      0%         N/A       100%        7
 Ignition                 Fire           0%         3d3       100%        8
 Summon Horrible Things   Summ           0%         N/A       100%        8


Dungeon Overview and Level Annotations

Branches:
Dungeon (12/15)            Temple (1/1) D:4            Lair (0/6) D:9
    Orc (0/2) D:9           Sewer (visited)

Altars:
Ashenzari
Cheibriados
Dithmenos
Elyvilon
Fedhas
Gozag
Hepliaklqana
Kikubaaqudgha
Makhleb
Nemelex Xobeh
Okawaru
Qazlal
Ru
Sif Muna
Trog
Uskayaw
Vehumet
Wu Jian
Xom
Yredelemnul
Zin
The Shining One

Shops:
D:6 =   D:8 *

Portals:
Trove: D:11 (give +3 gold dragon scales)

Annotations:
D:12 Maurice


Innate Abilities, Weirdness & Mutations

Your life essence is reduced to manifest your ancestor. (-10% HP)
You have a pair of horns on your head.
You reflexively headbutt those who attack you in melee.


Message History

You hit the boulder beetle but do no damage.
The boulder beetle is moderately wounded.
The boulder beetle bites you!
You hit the boulder beetle but do no damage.
You headbutt the boulder beetle, but do no damage.
The boulder beetle is moderately wounded.
The boulder beetle bites you but does no damage.
You hit the boulder beetle but do no damage.
You headbutt the boulder beetle, but do no damage.
The boulder beetle is moderately wounded.
You hit the boulder beetle but do no damage.
You punch the boulder beetle.
The boulder beetle is moderately wounded.
The boulder beetle waves its antennae.
The boulder beetle leaps!
The boulder beetle curls into a ball and begins rolling!
The boulder beetle hits you!!
The boulder beetle stops rolling and uncurls.
You see here a stone.
You hit the boulder beetle but do no damage.
You headbutt the boulder beetle, but do no damage.
The boulder beetle is moderately wounded.
The boulder beetle leaps!
The boulder beetle curls into a ball and begins rolling!
You see here 8 stones.
The boulder beetle hits you!
* * * LOW HITPOINT WARNING * * *
The boulder beetle stops rolling and uncurls.
You hit the boulder beetle but do no damage.
The boulder beetle is moderately wounded.
The boulder beetle bites you!
* * * LOW HITPOINT WARNING * * *
You hit the boulder beetle but do no damage.
You headbutt the boulder beetle, but do no damage.
The boulder beetle is moderately wounded.
You hit the boulder beetle but do no damage.
You headbutt the boulder beetle, but do no damage.
The boulder beetle is moderately wounded.
The boulder beetle bites you!!
You die...

#...# #...# ####
#...# ..$.... #...#
#........ #...#
#.......> ## #(.(#
#........ ..
#...###.(...... #>
#...(...(....#
####.
#...@B.......#
#....
###...((.....#.
#....
#....(.....#.##...#
#..........#......#
#..........###....#
##'######### #..).#
###.## ##...#
#....# #.... #....#
#...#


You could see a boulder beetle.

Vanquished Creatures
  Frances (D:12)
  A hydra (D:12)
  A two-headed ogre (D:10)
  2 cyclopes (D:12)
  A kobold demonologist (D:12)
  A komodo dragon (D:11)
  A guardian mummy (D:11)
  3 slime creatures (D:11)
  Grinder (D:6)
  2 shadows
  4 yaks (D:12)
  A steam dragon (D:8)
  An acid dragon (D:10)
  2 orc warriors
  A black bear (D:5)
  Pargi (Sewer)
  2 ogres
  5 centaurs
  A kobold brigand (D:8)
  3 bullfrogs
  A gnoll sergeant (D:5)
  A scorpion (D:6)
  2 killer bees (D:10)
  5 wights
  A howler monkey (D:9)
  4 centaur zombies
  A jelly (D:5)
  A centaur skeleton (D:5)
  A gnoll shaman (D:9)
  A bullfrog skeleton (D:5)
  4 hounds
  4 orc priests
  An iguana (D:5)
  4 orc wizards
  11 gnolls
  11 adders
  A shadow imp (D:5)
  2 white imps
  An ufetubus (D:2)
  An adder skeleton (D:4)
  4 worms
  4 dart slugs
  15 orcs
  10 ball pythons
  7 bats
  8 endoplasms
  8 giant cockroaches
  8 goblins
  4 hobgoblins
  3 quokkas (D:1)
  15 frilled lizards
  13 kobolds
  5 rats
  A bush (D:3)
198 creatures vanquished.

Vanquished Creatures (collateral kills)
  A hydra (D:9)
  2 two-headed ogres
  An ugly thing (D:12)
  A cyclops (D:12)
  A yaktaur (D:12)
  A komodo dragon (D:12)
  2 trolls
  A wraith (D:12)
  2 yaks (D:12)
  2 wyverns
  A water moccasin (D:7)
  A sky beast (D:7)
  An orc warrior (D:10)
  An ice beast (D:8)
  3 centaurs
  A phantom (D:7)
  A gnoll sergeant (D:10)
  3 killer bees (D:10)
  3 wights (D:9)
  A howler monkey (D:7)
  2 centaur zombies
  3 orc wizards (D:9)
  A gnoll (D:9)
  3 orcs
39 creatures vanquished.

Vanquished Creatures (others)
  5 battlemagi
  A kobold (D:8)
  6 fungi (D:9)
  13 plants
  2 withered plants (D:1)
27 creatures vanquished.

Grand Total: 264 creatures vanquished

Notes
Turn   | Place    | Note
-------+----------+-------------------------------------------
     0 | D:1      | issech the Minotaur Monk began the quest for the Orb.
     0 | D:1      | Reached XP level 1. HP: 19/19 MP: 0/0
   109 | D:1      | Reached XP level 2. HP: 22/27 MP: 1/1
   483 | D:1      | Reached XP level 3. HP: 29/33 MP: 2/2
   537 | D:1      | Found a faded altar of an unknown god.
  1105 | D:2      | Reached XP level 4. HP: 41/41 MP: 3/3
  1605 | D:3      | Found a shimmering blue altar of Sif Muna.
  1743 | D:3      | Reached skill level 5 in Axes
  2018 | D:3      | Reached XP level 5. HP: 47/47 MP: 4/4
  2908 | D:4      | Found a glowing drain.
  2912 | D:4      | Identified the +4 plate armour of the Accordion {rElec
                  | Int+3}
  2950 | Sewer    | Entered a sewer
  3002 | Sewer    | Noticed Pargi
  3037 | Sewer    | Killed Pargi
  3038 | Sewer    | Reached skill level 1 in Armour
  3038 | Sewer    | Reached XP level 6. HP: 14/55 MP: 5/5
  3416 | D:4      | Reached skill level 2 in Armour
  3647 | D:4      | Found a staircase to the Ecumenical Temple.
  3659 | Temple   | Entered the Ecumenical Temple
  3749 | D:4      | Reached skill level 5 in Fighting
  4913 | D:5      | Entered Level 5 of the Dungeon
  4914 | D:5      | Found a sparkling altar of Nemelex Xobeh.
  4978 | D:5      | Reached skill level 1 in Slings
  4982 | D:5      | Reached skill level 3 in Armour
  4982 | D:5      | Reached XP level 7. HP: 15/61 MP: 6/6
  5678 | D:4      | HP: 1/62 [orc warrior/+0 war axe (13)]
  5739 | D:4      | Reached skill level 4 in Armour
  5998 | D:5      | Reached XP level 8. HP: 60/70 MP: 7/7
  6022 | D:5      | Reached skill level 5 in Armour
  6309 | D:4      | Found a hide-covered altar of Uskayaw.
  6309 | D:4      | Found a snail-covered altar of Cheibriados.
  6410 | D:6      | Noticed Grinder
  6413 | D:6      | Paralysed by Grinder for 2 turns
  6443 | D:6      | Killed Grinder
  6955 | D:6      | Found Jilos's Jewellery Shoppe.
  6982 | D:6      | Found a hazy altar of Hepliaklqana.
  7104 | D:6      | Became a worshipper of Hepliaklqana the Forgotten
  7104 | D:6      | Reached * piety under Hepliaklqana
  7104 | D:6      | Reached ** piety under Hepliaklqana
  7105 | D:6      | Remembered your ancestor Vusi as a battlemage
  7146 | D:7      | Reached skill level 6 in Armour
  7260 | D:7      | Found a bloodstained altar of Trog.
  7355 | D:7      | Found the +8 orange crystal plate armour {Archmagi, Int+3
                  | Clar}
  7506 | D:7      | Noticed a two-headed ogre
  7515 | D:7      | Killed a two-headed ogre
  7516 | D:7      | Reached skill level 7 in Armour
  7516 | D:7      | Reached XP level 9. HP: 56/71 MP: 8/8
  7563 | D:7      | Reached skill level 8 in Armour
  7765 | D:7      | Found a glowing golden altar of the Shining One.
  7905 | D:8      | Found a blossoming altar of Fedhas.
  7952 | D:8      | Reached skill level 10 in Axes
  7965 | D:8      | Reached skill level 9 in Armour
  8028 | D:8      | Found Ifahin's General Store.
  8247 | D:8      | Found a glowing silver altar of Zin.
  8540 | D:9      | Noticed a troll
  8549 | D:9      | Killed a troll
  8558 | D:9      | Reached XP level 10. HP: 73/79 MP: 9/9
  8586 | D:9      | Reached skill level 10 in Armour
  8604 | D:9      | Found a staircase to the Lair.
  8725 | D:9      | Found a staircase to the Orcish Mines.
  9045 | D:9      | Reached *** piety under Hepliaklqana
  9215 | D:10     | Entered Level 10 of the Dungeon
  9243 | D:10     | Noticed a two-headed ogre
  9249 | D:10     | Noticed a seven-headed hydra
  9257 | D:10     | Killed a two-headed ogre
  9258 | D:10     | Reached skill level 5 in Slings
  9350 | D:9      | Killed a 17-headed hydra
  9868 | D:10     | Reached skill level 11 in Armour
 10057 | D:10     | Found a shimmering altar of Xom.
 10287 | D:10     | Identified a scroll of acquirement
 10288 | D:10     | Acquired the ring of Vatiygh {rC+ rN+ Int-2 Dex+6 Slay+2}
 10450 | D:11     | Identified the +4 dagger of Doom {flame, Dex+4}
 10515 | D:11     | Noticed a two-headed ogre
 10523 | D:11     | Killed a two-headed ogre
 10524 | D:11     | Reached XP level 11. HP: 72/89 MP: 10/10
 10745 | D:11     | Found a portal to a secret trove of treasure.
 10748 | D:11     | Reached **** piety under Hepliaklqana
 11061 | D:11     | Acquired 893 gold pieces
 11197 | D:12     | Reached skill level 10 in Fighting
 11288 | D:11     | Reached skill level 1 in Short Blades
 11288 | D:11     | Reached skill level 12 in Armour
 11405 | D:12     | Noticed a green ugly thing
 11420 | D:12     | Killed a green ugly thing
 11431 | D:12     | Noticed Frances
 11441 | D:12     | Noticed a sixfirhy
 11446 | D:12     | Killed Frances
 11553 | D:12     | Reached skill level 1 in Crossbows
 11606 | D:12     | Noticed Maurice
 11764 | D:12     | Noticed a seven-headed hydra
 11773 | D:12     | Killed a seven-headed hydra
 11774 | D:12     | Reached skill level 5 in Short Blades
 11774 | D:12     | Reached skill level 13 in Armour
 11863 | D:12     | Noticed a boulder beetle
 11936 | D:12     | Slain by a boulder beetle

Illustrated notes

Levels and vault maps discovered:
D:1:      minmay_arrival_shattered_statue, layout_rooms,
          ebering_ecumenical_altar_petrified, minmay_misc_feat_columns
D:2:      layout_loops_ring, st_stairs_7, lemuel_old_faithful
D:3:      minmay_skewed_foursquare, layout_basic,
          mainiacjoe_overflow_six_doors_small, serial_forest,
          infiniplex_forest_end_1, infiniplex_forest_straight_4,
          infiniplex_forest_lined_2, infiniplex_forest_straight_4,
          infiniplex_forest_join, infiniplex_forest_pool,
          infiniplex_forest_clump_tiny, infiniplex_forest_clump_small,
          infiniplex_forest_clump_small, minmay_misc_feat_tiny
D:4:      layout_gridville, nicolae_overflow_hidden_temple,
          minmay_temple_entry_glass, cheibrodos_sewer_entry_drain,
          hangedman_decor_clover_reticule, grunt_decor_mini_mirrors,
          minmay_misc_feat_iff, chequers_serial_rivers_micro_d
D:5:      layout_basic, lemuel_crystal_altar, guppyfry_early_orc_mine
D:6:      layout_basic, lemuel_tele_altar, serial_shops, shop_fountains,
          uniq_grinder
D:7:      layout_rooms, lemuel_crystal_altar, tso_altar,
          minmay_misc_feat_ornament
D:8:      layout_rooms, zin_treasury, mainiacjoe_overflow_concentric_impassable,
          serial_shops, kennysheep_mini_moat
D:9:      layout_loops_cross, dpeg_oklobed_lair, orc_0_dummy
D:10:     layout_rooms, kennysheep_little_box, minmay_chambers_of_fives
D:11:     layout_roguey, nicolae_trove_entry_path_of_doom
D:12:     layout_basic, uniq_sonja, uniq_maurice, uniq_frances
Temple:   nicolae_temple_x_marks_the_god

Skill      XL: |  1  2  3  4  5  6  7  8  9 10 11 |
---------------+----------------------------------+-----
Fighting       | 4 5 6 7 8 9 10 | 10.7
Axes           | 4 5 6 9 10 11 12 | 12.2
Stealth        | 2 3 4 |  4.2
Dodging        | 4 |  4.3
Armour         | 1 3 4 7 9 11 13 | 13.1
Slings         | 1 3 6 |  6.4
Short Blades   | 5 |  5.1
Crossbows      | 1 |  1.6
Throwing       | |  0.1

Action                   |  1- 3 |  4- 6 |  7- 9 | 10-12 || total
-------------------------+-------+-------+-------+-------++-------
Melee: Hand axe          |    71 |   258 |   208 |    78 ||   615
       Headbutt          |    10 |    53 |    45 |   104 ||   212
       Punch             |     1 |     2 |     3 |     7 ||    13
       Dagger            |       |       |       |   185 ||   185
 Fire: Hunting sling     |       |    37 |       |    59 ||    96
       Arbalest          |       |       |       |     3 ||     3
Throw: Stone             |     4 |     1 |       |    18 ||    23
Invok: Ancestor Life: Ba |       |       |     1 |       ||     1
  Use: Scroll            |       |     5 |     6 |     7 ||    18
       Potion            |       |       |       |     2 ||     2
 Stab: Sleeping          |     4 |     4 |       |       ||     8
       Distracted        |       |     1 |       |     6 ||     7
Armor: Robe              |    16 |    11 |       |       ||    27
       Plate armour      |       |   166 |    77 |       ||   243
       Ring mail         |       |     8 |       |       ||     8
       Crystal plate arm |       |       |    75 |   319 ||   394
Dodge: Dodged            |    52 |   103 |    68 |   154 ||   377
